 Dungeon Crawl Stone Soup version 0.30-a0-395-gfe72c296f8 (webtiles) character file.

Game seed: 18191398685631615987

936 Majang the Magician (level 7, -7/49 HPs)
             Began as a Vampire Earth Elementalist on Dec 7, 2022.
             Was an Initiate of Vehumet.
             Mangled by Pikel
             ... wielding a +1 whip of electrocution
              (11 damage)
             ... on level 5 of the Dungeon.
             The game lasted 00:18:22 (4395 turns).

Majang the Magician (Vampire Earth Elementalist)    Turns: 4395, Time: 00:18:23

Health: -7/49      AC: 10    Str:  7    XL:     7   Next: 87%
Magic:  3/16       EV: 13    Int: 20    God:    Vehumet [......]
Gold:   281        SH:  0    Dex: 14    Spells: 14/18 levels left

rFire   . . .      SeeInvis +    x - +2 quarterstaff (chaos)
rCold   . . .      Faith    .    (shield currently unavailable)
rNeg    + . .      Spirit   .    a - +0 robe
rPois   .          Reflect  .    t - +2 helmet
rElec   .          Harm     .    q - +1 cloak
rCorr   .          Rampage  .    g - +2 pair of gloves
Will    .....                    (no boots)
Stlth   ++........               (no amulet)
HPRegen 0.48/turn                f - ring of positive energy
MPRegen 0.15/turn                (no ring)

@: healing quickly
A: alive, fangs 3, see invisible, vampiric 2
a: Exsanguinate, Renounce Religion


You were on level 5 of the Dungeon.
You worshipped Vehumet.
Vehumet was noncommittal.
You visited 1 branch of the dungeon, and saw 5 of its levels.

You collected 281 gold pieces.

Inventory:

Hand Weapons
 c - a +0 dagger
 j - a +0 quarterstaff of draining
 x - a +2 quarterstaff of chaos (weapon)
Armour
 a - a +0 robe (worn)
 g - a +2 pair of gloves (worn)
 q - a +1 cloak (worn)
 t - a +2 helmet (worn)
Jewellery
 f - a ring of positive energy (left hand)
Wands
 k - a wand of quicksilver (10)
 n - a wand of roots (6)
 o - a wand of charming (3)
 w - a wand of polymorph (5)
Scrolls
 b - a scroll of noise {unknown}
 d - 8 scrolls of identify {unknown}
 e - 3 scrolls of immolation {unknown}
 h - 4 scrolls of teleportation {unknown}
 l - 2 scrolls of brand weapon {unknown}
 m - a scroll of enchant armour {unknown}
 r - a scroll of fear {unknown}
 u - a scroll of vulnerability {unknown}
Potions
 i - 4 potions of might
 p - 2 potions of invisibility {unknown}
 s - a potion of heal wounds {unknown}
 v - a potion of flight {unknown}


   Skills:
 + Level 1.7 Fighting
 + Level 1.3 Staves
 + Level 3.1 Dodging
 - Level 3.0 Stealth
 * Level 6.0 Spellcasting
 + Level 1.2 Conjurations
 - Level 1.1 Transmutations
 + Level 5.1 Earth Magic
 + Level 1.7 Evocations


You had 14 spell levels left.
You knew the following spells:

 Your Spells              Type           Power      Damage    Failure   Level
a - Sandblast             Erth           52%        2d12      1%          1
b - Stone Arrow           Conj/Erth      36%        3d9       9%          3

Your spell library contained the following spells:

 Spells                   Type           Power      Damage    Failure   Level
 Passwall                 Tmut/Erth      15%        N/A       4%          2
 Momentum Strike          Conj/Tloc      16%        3d8       12%         2
 Blink                    Tloc           12%        N/A       16%         2
 Petrify                  Tmut/Erth      18%        N/A       28%         4
 Lesser Beckoning         Tloc           12%        N/A       30%         3


Dungeon Overview and Level Annotations

Branches:
Dungeon (5/15)
 Temple: D:4-7

Altars:
Okawaru
Trog
Vehumet

Shops:
D:1 [   D:3 (

Annotations:
D:3 3 runed translucent doors, blade888's ghost, amateur OpFE
D:5 Pikel


Innate Abilities, Weirdness & Mutations

Your natural rate of healing is accelerated.
You have razor-sharp teeth.
You have supernaturally acute eyesight. (SInv)
You are afflicted with vampirism and can become a bat while bloodless.


Message History

The lemure closely misses you.
The blast of sand hits the lemure.
The lemure is almost dead.
The lemure hits you. The lemure closely misses you.
The blast of sand misses the lemure.
The lemure hits you but does no damage.
The blast of sand hits the lemure!
You kill the lemure!
That felt strangely unrewarding.
Pikel hits you with a +1 whip of electrocution!
You are too injured to fight recklessly!
You are too injured to fight recklessly!
You are too injured to fight recklessly!
Casting: Sandblast (safe; 1% risk of failure)
Confirm with . or Enter, or press ? or * to list all spells.
Aiming: Sandblast (safe; 1% risk of failure)
Press: ? - help, Shift-Dir - straight line, f - Pikel
Aim: Pikel, wielding a +1 whip of electrocution and wearing a +0 robe (79% to hit)
The blast of sand misses Pikel.
Pikel hits you with a +1 whip of electrocution.
Casting: Sandblast (safe; 1% risk of failure)
Confirm with . or Enter, or press ? or * to list all spells.
Aiming: Sandblast (safe; 1% risk of failure)
Press: ? - help, Shift-Dir - straight line, f/p - Pikel
Aim: Pikel, wielding a +1 whip of electrocution and wearing a +0 robe (79% to hit)
The blast of sand hits Pikel.
Pikel is lightly wounded.
Pikel barely misses you.
Pikel hits you with a +1 whip of electrocution.
* * * LOW HITPOINT WARNING * * *
Casting: Sandblast (safe; 1% risk of failure)
Confirm with . or Enter, or press ? or * to list all spells.
Aiming: Stone Arrow (dangerous; 9% risk of failure)
Press: ? - help, Shift-Dir - straight line, f/p - Pikel
Aim: Pikel, wielding a +1 whip of electrocution and wearing a +0 robe (lightly wounded, 60% to hit)
The stone arrow hits Pikel!
Pikel is moderately wounded.
Pikel hits you with a +1 whip of electrocution!
* * * LOW HITPOINT WARNING * * *
You are electrocuted!
You die...

♣♣.♣ #..........# ##.##
♣.♣♣ #..........## #...
♣♣.♣ #...........###.##
##'## #................#
#...# #...........5.....
#...# #.........5K......
#.[)# #..........5...###
##### #..............##.
#@.>....#.........
#K......######..##
.#.......### #...#
.##.........###...#
####.##........^.....).
##.####.............##.#
#...................##.#
#......#................
#...................#...


You could see Pikel.

Vanquished Creatures
  Sigmund (D:3)
  4 lemures
  A necrophage (D:5)
  A gnoll sergeant (D:5)
  3 scorpions
  3 hounds
  A jelly (D:5)
  Crazy Yiuf (D:5)
  An iguana (D:5)
  3 orc wizards
  8 gnolls
  3 adders
  An ufetubus (D:4)
  3 worms
  A dart slug (D:4)
  16 orcs
  6 ball pythons
  6 bats
  7 endoplasms (D:3)
  4 giant cockroaches
  6 goblins
  8 hobgoblins
  9 jackals
  5 quokkas
  2 frilled lizards (D:1)
  4 kobolds
  8 rats
116 creatures vanquished.

Vanquished Creatures (others)
  A wizard (D:4)
1 creature vanquished.

Grand Total: 117 creatures vanquished

Notes
Turn   | Place    | Note
-------+----------+-------------------------------------------
     0 | D:1      | Majang the Vampire Earth Elementalist began the quest for
                  | the Orb.
     0 | D:1      | Reached XP level 1. HP: 13/13 MP: 3/3
   335 | D:1      | Reached XP level 2. HP: 19/19 MP: 0/5
   649 | D:1      | Found Guxar's Armour Shoppe.
  1179 | D:2      | Reached skill level 3 in Spellcasting
  1209 | D:2      | Gained mutation: You are afflicted with vampirism and can
                  | become a bat while bloodless. [Vampire growth]
  1209 | D:2      | Reached XP level 3. HP: 24/24 MP: 7/7
  1751 | D:3      | Noticed Sigmund
  1812 | D:3      | Noticed a scorpion
  1817 | D:2      | Reached XP level 4. HP: 30/30 MP: 4/9
  1882 | D:3      | Killed a scorpion
  1883 | D:3      | Reached skill level 4 in Spellcasting
  1924 | D:3      | Reached XP level 5. HP: 34/35 MP: 9/11
  2090 | D:3      | Found an iron altar of Okawaru.
  2102 | D:3      | Found a faded altar of an unknown god.
  2134 | D:3      | Found a runed translucent gate.
  2135 | D:3      | Found a runed translucent gate.
  2135 | D:3      | Noticed blade888's ghost (amateur OpFE)
  2177 | D:3      | Killed Sigmund
  2178 | D:3      | Reached skill level 5 in Spellcasting
  2178 | D:3      | Reached XP level 6. HP: 21/41 MP: 5/13
  2324 | D:3      | Found a runed translucent gate.
  2346 | D:3      | Found Huqex's Weapon Boutique.
  2489 | D:3      | Learned a level 3 spell: Stone Arrow
  3349 | D:4      | Found a bloodstained altar of Trog.
  3352 | D:4      | Noticed a wizard
  3358 | D:4      | Killed a wizard
  3468 | D:5      | Entered Level 5 of the Dungeon
  3536 | D:5      | Reached skill level 1 in Fighting
  3536 | D:5      | Reached XP level 7. HP: 45/48 MP: 10/15
  3614 | D:5      | Reached skill level 1 in Evocations
  3722 | D:5      | Noticed Pikel
  3777 | D:5      | Reached skill level 1 in Staves
  3777 | D:5      | Reached skill level 1 in Conjurations
  3777 | D:5      | Reached skill level 5 in Earth Magic
  3949 | D:5      | Found a radiant altar of Vehumet.
  3952 | D:5      | Became a worshipper of Vehumet
  4020 | D:5      | Reached skill level 6 in Spellcasting
  4318 | D:5      | Found a runed translucent door.
  4319 | D:5      | Noticed Crazy Yiuf
  4323 | D:5      | Killed Crazy Yiuf
  4395 | D:5      | Mangled by Pikel

Illustrated notes

Levels and vault maps discovered:
D:1:      saegor_arrival_simple_e, layout_basic, serial_shops, shop,
          minmay_rat_gold_closets
D:2:      layout_loops_ring
D:3:      minmay_diamond_boxcup, layout_basic, mainiacjoe_overflow_catwalk,
          dreamdust_ecumenical_altar_statues, serial_shops, shop,
          gammafunk_ghost_split, uniq_sigmund
D:4:      layout_basic, trog_wizard
D:5:      layout_cave_pools, kennysheep_mini_moat, kennysheep_nub,
          uniq_crazy_yiuf_cottage, uniq_pikel

Skill      XL: |  1  2  3  4  5  6  7 |
---------------+----------------------+-----
Spellcasting   | 3 4 5 6 |  6.0
Earth Magic    | 4 5 |  5.1
Fighting       | 1 |  1.7
Evocations     | 1 |  1.7
Staves         | 1 |  1.3
Conjurations   | 1 |  1.2
Dodging        | 3 |  3.1
Stealth        | |  3.0
Transmutations | |  1.1

Action                   |  1- 3 |  4- 6 |  7- 9 || total
-------------------------+-------+-------+-------++-------
Melee: Quarterstaff      |    51 |     2 |       ||    53
       Dagger            |     2 |       |       ||     2
       Bite              |     2 |       |       ||     2
 Cast: Sandblast         |    28 |   100 |    64 ||   192
       Stone Arrow       |       |       |     2 ||     2
Evoke: Wand              |       |       |     2 ||     2
  Use: Potion            |       |     4 |     1 ||     5
 Stab: Sleeping          |     6 |       |       ||     6
Armor: Robe              |    21 |    10 |    17 ||    48
Dodge: Dodged            |    42 |    41 |    32 ||   115

Table legend: (Time is in decaauts)
 A = Elapsed time spent in this place.
 B = Non-inter-level travel time spent in this place.
 C = Inter-level travel time spent in this place.
 D = Time resting spent in this place.
 E = Time spent auto-exploring this place.
 F = Levels seen in this place.
 G = Mean time per level.
                   A        B        C        D        E       F      G
               +--------+--------+--------+--------+--------+-----+--------+
         Total |   4514 |   4285 |    229 |    897 |   2371 |   5 |  902.8 |
       Dungeon |   4514 |   4285 |    229 |    897 |   2371 |   5 |  902.8 |
               +--------+--------+--------+--------+--------+-----+--------+

Top non-repeatable levels by time:
     D:1: 1052 daAuts
     D:3: 917 daAuts
     D:4: 910 daAuts
     D:2: 881 daAuts
     D:5: 752 daAuts
